 Dungeon Crawl Stone Soup version 0.24-a0-307-gf989941 (webtiles) character file.

Game seed: 11922851026150598825

16253 Iscandelvey the Jinx (level 12, -5/76 HPs)
             Began as a Demonspawn Arcane Marksman on May 13, 2019.
             Was a Priest of Kikubaaqudgha.
             Hit by a silver javelin thrown by a minotaur (29 damage)
             ... in a Gauntlet.
             The game lasted 02:40:14 (18016 turns).

Iscandelvey the Jinx (Demonspawn Arcane Marksman)  Turns: 18016, Time: 02:40:22

Health: -5/76      AC: 10    Str: 19 (20) XL:     12   Next: 8%
Magic:  7/21       EV: 15    Int: 11      God:    Kikubaaqudgha [***...]
Gold:   524        SH:  5    Dex: 14 (15) Spells: 1/33 levels left

rFire    . . .     SeeInvis .   H - +3 spear
rCold    + . .     Gourm    .   r - +0 buckler
rNeg     . . .     Faith    .   q - +1 robe {MR+}
rPois    .         Spirit   .   (helmet restricted)
rElec    .         Reflect  .   p - +0 cloak
rCorr    .         Harm     .   U - +0 pair of gloves
MR       ++...     Rnd*Rage +   M - +0 pair of boots Stlth +.........NoTele +
                                o - amulet of Fupuridwaa {RegenMP rC+ Str+9 Int-5}
HPRegen  0.00/turn              P - ring of protection from magic
MPRegen  0.42/turn              (no ring)

@: very slightly contaminated, regenerating, invisible (expiring)
A: horns 1, iridescent scales 2, [berserk 1], [deterioration 1], [dopey 1], [low
mp 2], powered by death 2, [inhibited regeneration], spiny 2
a: Receive Corpses, Renounce Religion


You were in a Gauntlet.
You worshipped Kikubaaqudgha.
Kikubaaqudgha was most pleased with you.
You were near starving.

You visited 4 branches of the dungeon, and saw 14 of its levels.
You also visited: Gauntlet.

You collected 710 gold pieces.
You spent 186 gold pieces at shops.

Inventory:

Hand Weapons
 a - a +0 hand crossbow
 m - the +5 mace of the Valley of Death {protect, Dex+3}
   (You found it on level 1 of the Lair of Beasts)

   It grants its wielder temporary protection when it strikes (+7 to AC).
   It affects your dexterity (+3).
 A - the +4 dagger of Blood {speed, *Slow rElec Int+3}
   (You found it on level 5 of the Dungeon)

   Attacks with this weapon are significantly faster.
   It affects your intelligence (+3).
   It insulates you from electricity.
   It may slow you when you take damage.
 H - a +3 spear (weapon)
 J - a +4 quarterstaff of crushing
 K - a +1 scimitar of flaming
 S - a +4 shortbow
Missiles
 d - 55 bolts
 e - 12 boomerangs
 l - 3 silver boomerangs (quivered)
 y - 2 throwing nets
 R - 142 arrows
 W - 24 poisoned darts
Armour
 p - a +0 cloak (worn)
 q - a +1 robe of magic resistance (worn)
 r - a +0 buckler (worn)
 L - a +1 leather armour of poison resistance
 M - a +0 pair of boots (worn)
 U - a +0 pair of gloves (worn)
Magical Staves
 E - an uncursed staff of summoning
Jewellery
 o - the amulet of Fupuridwaa (around neck) {RegenMP rC+ Str+9 Int-5}
   (You found it in a Gauntlet)

   [amulet of magic regeneration]

   It increases your magic regeneration.
   It affects your strength (+9).
   It affects your intelligence (-5).
   It protects you from cold.
 D - a +5 amulet of reflection
 G - an uncursed amulet of faith {unknown}
 O - a +5 amulet of reflection
 P - a ring of protection from magic (left hand)
 Y - an uncursed amulet of harm
Wands
 s - a wand of digging (2)
 v - a wand of flame (10)
 F - a wand of random effects (34)
Scrolls
 b - 9 scrolls of remove curse
 i - 3 scrolls of vulnerability
 j - a scroll of blinking
 n - a scroll of magic mapping
 t - 5 scrolls of fog
 w - 3 scrolls of immolation
 x - 8 scrolls of teleportation
 I - a scroll of enchant armour {unknown}
Potions
 c - 2 potions of might
 g - 3 potions of heal wounds
 h - 7 potions of curing
 k - 2 potions of lignification
 z - 2 potions of haste
 B - 4 potions of mutation
 C - a potion of berserk rage
Comestibles
 f - 30 rations
 u - 4 chunks of flesh


   Skills:
 - Level 1.0 Fighting
 - Level 7.0 Crossbows
 - Level 5.0 Dodging
 - Level 4.0 Shields
 * Level 11.0 Spellcasting
 * Level 11.3 Hexes
 - Level 5.6 Necromancy


You had one spell level left.
You knew the following spells:

 Your Spells              Type           Power        Failure   Level  Hunger
a - Corona                Hex            ####...      1%          1    None
b - Slow                  Hex            ####....     1%          2    None
c - Cause Fear            Hex            ####......   1%          4    ####...
d - Confuse               Hex            ####....     1%          3    ##.....
e - Tukima's Dance        Hex            ####....     1%          3    ##.....
f - Regeneration          Chrm/Necr      ##........   11%         3    ##.....
g - Sublimation of Blood  Necr           ###.......   1%          2    None
h - Summon Butterflies    Summ           #.......     12%         1    None
i - Animate Dead          Necr           N/A          12%         4    ####...
j - Invisibility          Hex            ####....     17%         6    #######
k - Portal Projectile     Hex/Tloc       ###...       3%          3    ##.....

Your spell library contained the following spells:

 Spells                   Type           Power        Failure   Level  Hunger
 Animate Skeleton         Necr           N/A          1%          1    None
 Pain                     Necr           ###.         1%          1    None
 Apportation              Tloc           #.....       12%         1    None
 Magic Dart               Conj           #...         12%         1    None
 Ensorcelled Hibernation  Hex/Ice        ###...       1%          2    None
 Dazzling Spray           Conj/Hex       ###...       3%          3    ##.....
 Inner Flame              Hex/Fire       ###.....     3%          3    ##.....
 Leda's Liquefaction      Hex/Erth       ###.......   11%         4    ####...
 Blink                    Tloc           N/A          17%         2    None
 Call Imp                 Summ           #.......     17%         2    None
 Dispel Undead            Necr           ###.....     32%         5    #####..
 Conjure Flame            Conj/Fire      #.......     34%         3    ##.....
 Lesser Beckoning         Tloc           #.........   34%         3    ##.....
 Mephitic Cloud           Conj/Pois/Air  #.......     34%         3    ##.....
 Bolt of Draining         Conj/Necr      ##........   71%         5    #####..
 Excruciating Wounds      Chrm/Necr      ##........   71%         5    #####..
 Death Channel            Necr           ###.......   87%         6    #######
 Alistair's Intoxication  Tmut/Pois      #.......     97%         5    #####..


Dungeon Overview and Level Annotations

Branches:
Dungeon (9/15)             Temple (1/1) D:4            Lair (3/6) D:8
 Shoals (0/4) Lair:2        Snake (0/4) Lair:2          Orc (1/2) D:9

Altars:
Ashenzari
Cheibriados
Dithmenos
Elyvilon
Fedhas
Gozag
Hepliaklqana
Kikubaaqudgha
Nemelex Xobeh
Okawaru
Qazlal
Sif Muna
Trog
Uskayaw
Vehumet
Wu Jian
Xom
Yredelemnul
The Shining One

Shops:
D:4 ?   D:7 **   D:9 (

Annotations:
D:4 3 runed translucent doors, Yorgos's ghost, weakling DsAK
D:9 Erolcha Gauntlet 8 transporters, 21 runed translucent doors


Innate Abilities, Weirdness & Mutations

You have a pair of small horns on your head.
You are mostly covered in iridescent scales. (AC +4)
You regenerate health from kills.
You are mostly covered in sharp spines.
[You tend to lose your temper in combat.]
[Your body sometimes deteriorates upon taking damage.]
[You are dopey. (Int -2)]
[Your magical capacity is very low. (-20% MP)]
[You do not regenerate when monsters are visible.]


Message History

The minotaur is heavily wounded.
You flicker for a moment.
The minotaur throws a silver javelin.
Your tengu warrior zombie hits the minotaur but does no damage.
Your tengu warrior zombie pecks the minotaur but does no damage.
Your tengu warrior zombie claws the minotaur but does no damage.
Your orc knight zombie closely misses the minotaur.
The minotaur furiously retaliates!
The minotaur headbutts your orc knight zombie!
Attack whom?
Press: ? - help, Dir - move target cursor, f/p - minotaur
Aim: a minotaur, wearing a +0 plate armour (heavily wounded)
You reach to attack!
You are near starving!
You hit the minotaur but do no damage.
The minotaur is heavily wounded.
The minotaur throws a silver javelin.
The silver javelin pierces through you!!
You die...
Kikubaaqudgha rasps: "You have failed me!
Welcome... death!"

###..#.....#...#...#.......ww#..
#8#..#....©.#..#...#...=©.!hh#.8
###..###########...###########..
#.............................
#≈............≈∩≈.............
##############################
#8##§§...((.........≈##8# #
####8§8.8..©(©..8.8.8#### #
#≈.....@.ZZ......≈#
###.##.##H##.##.###
#.##.##.##.##.# ...... #.##.##.
#. #. .# .. .H . .# .# #. #. .#


You could see a minotaur, a friendly orc knight zombie and a friendly tengu
warrior zombie.

Vanquished Creatures
  Gastronok (D:9)
  A wretched star (Gauntlet)
  A wolf spider (Lair:2)
  Joseph (D:9)
  A black mamba (Lair:2)
  2 spiny frogs
  An efreet (Gauntlet)
  3 komodo dragons
  5 polar bears
  Prince Ribbit (D:7)
  2 hippogriffs (Lair:2)
  5 blink frogs (Lair:1)
  Sigmund (D:2)
  A fire elemental (Gauntlet)
  A wyvern (D:8)
  10 yaks
  4 basilisks
  2 nagas (Lair:2)
  5 water moccasins
  5 porcupines
  A hell hound (Gauntlet)
  An ice beast (D:8)
  A necrophage (D:9)
  3 sky beasts
  5 ogres
  10 centaurs
  5 crocodiles
  2 big kobolds
  11 bullfrogs
  5 scorpions
  4 killer bees (D:7)
  6 crimson imps
  4 hounds
  2 jellies
  2 orc wizards
  A centaur skeleton (D:6)
  6 orc priests
  Jessica (D:2)
  A bullfrog skeleton (D:7)
  4 iguanas
  Natasha (thrice) (D:2)
  6 worker ants
  A small abomination (Gauntlet)
  A hound skeleton (D:5)
  A worker ant zombie (D:8)
  Robin (D:2)
  7 gnolls
  22 adders
  An ooze (D:1)
  An adder skeleton (D:4)
  4 worms
  2 dart slugs
  5 leopard geckos
  21 orcs
  5 giant cockroaches
  16 goblins
  13 hobgoblins
  14 jackals
  9 kobolds
  6 quokkas
  A ball python (D:4)
  3 bats
  7 frilled lizards
  9 rats
287 creatures vanquished.

Vanquished Creatures (collateral kills)
  A spiny frog (Lair:2)
  2 neqoxecs (Gauntlet)
  Edmund (D:6)
  A hell hound (Gauntlet)
  A porcupine (Lair:2)
  An orc (D:6)
7 creatures vanquished.

Vanquished Creatures (others)
  6 fungi
  28 plants
34 creatures vanquished.

Grand Total: 328 creatures vanquished

Notes
Turn   | Place    | Note
-------+----------+-------------------------------------------
     0 | D:1      | Iscandelvey the Demonspawn Arcane Marksman began the quest
                  | for the Orb.
     0 | D:1      | Reached XP level 1. HP: 15/15 MP: 2/2
    12 | D:1      | Gained mutation: You regenerate a little health from kills.
                  | [demonic ancestry]
    12 | D:1      | Reached XP level 2. HP: 7/21 MP: 3/3
   226 | D:1      | Learned a level 2 spell: Slow
   384 | D:1      | Reached XP level 3. HP: 26/26 MP: 3/5
   897 | D:2      | Noticed Sigmund
  1131 | D:2      | Gained mutation: You are partially covered in iridescent
                  | scales. (AC +2) [demonic ancestry]
  1131 | D:2      | Reached XP level 4. HP: 17/32 MP: 3/6
  1697 | D:2      | Noticed Jessica
  1710 | D:2      | Killed Jessica
  2161 | D:2      | Gained mutation: You are mostly covered in iridescent
                  | scales. (AC +4) [demonic ancestry]
  2161 | D:2      | Reached XP level 5. HP: 34/37 MP: 1/8
  2325 | D:2      | Noticed Natasha
  2349 | D:2      | Killed Natasha
  2560 | D:2      | Found a blossoming altar of Fedhas.
  2782 | D:2      | Noticed Natasha
  2840 | D:2      | Killed Natasha
  3000 | D:2      | Noticed Natasha
  3029 | D:2      | Killed Natasha
  3029 | D:2      | Reached skill level 1 in Shields
  3158 | D:2      | Killed Sigmund
  3158 | D:2      | Reached XP level 6. HP: 34/43 MP: 5/10
  3208 | D:3      | Noticed Robin
  3532 | D:3      | Found a glowing golden altar of the Shining One.
  3709 | D:2      | Killed Robin
  4356 | D:4      | Found a runed translucent gate.
  4357 | D:4      | Found a runed translucent gate.
  4747 | D:4      | Gained mutation: You have a pair of small horns on your
                  | head. [demonic ancestry]
  4747 | D:4      | Reached XP level 7. HP: 39/48 MP: 10/12
  4858 | D:4      | Found a staircase to the Ecumenical Temple.
  4949 | Temple   | Entered the Ecumenical Temple
  5012 | Temple   | Became a worshipper of Kikubaaqudgha
  6033 | D:4      | Found a white marble altar of Elyvilon.
  6049 | D:4      | Found a runed translucent gate.
  6051 | D:4      | Noticed Yorgos's ghost (weakling DsAK)
  6880 | D:4      | Found Zudu's Magic Scroll Boutique.
  6883 | D:4      | Bought a scroll of magic mapping for 42 gold pieces
  6883 | D:4      | Bought a scroll of identify for 24 gold pieces
  6883 | D:4      | Bought a scroll of fog for 24 gold pieces
  6883 | D:4      | Bought a scroll of teleportation for 36 gold pieces
  6883 | D:4      | Bought a scroll of immolation for 42 gold pieces
  7109 | D:5      | Entered Level 5 of the Dungeon
  7431 | D:5      | Learned a level 4 spell: Cause Fear
  7435 | D:5      | Learned a level 3 spell: Confuse
  7439 | D:5      | Learned a level 3 spell: Tukima's Dance
  7526 | D:5      | Gained mutation: You are partially covered in sharp spines.
                  | [demonic ancestry]
  7526 | D:5      | Reached XP level 8. HP: 54/54 MP: 14/14
  8221 | D:5      | Got a fine dagger
  8222 | D:5      | Identified the +4 dagger of Blood {speed, *Slow rElec
                  | Int+3} (You found it on level 5 of the Dungeon)
  8315 | D:5      | Found a deep blue altar of Sif Muna.
  8318 | D:5      | Found a basalt altar of Yredelemnul.
  8321 | D:5      | Found an ornate altar of the Wu Jian Council.
  8324 | D:5      | Found a stormy altar of Qazlal.
  8472 | D:6      | Noticed Edmund
  8492 | D:6      | Killed Edmund
  8492 | D:6      | Reached skill level 5 in Crossbows
  8492 | D:6      | Reached skill level 5 in Hexes
  8502 | D:6      | Reached * piety under Kikubaaqudgha
  8502 | D:6      | Identified Kikubaaqudgha's Papyrus of Evil Magic
                  | (Kikubaaqudgha gifted it to you on level 6 of the Dungeon)
  8502 | D:6      | Received a gift from Kikubaaqudgha
  8512 | D:6      | Learned a level 3 spell: Regeneration
  8778 | D:6      | Reached skill level 5 in Spellcasting
  8778 | D:6      | Reached skill level 1 in Necromancy
  9024 | D:5      | Gained mutation: You regenerate health from kills. [demonic
                  | ancestry]
  9024 | D:5      | Reached XP level 9. HP: 59/59 MP: 17/17
  9495 | D:6      | Reached ** piety under Kikubaaqudgha
  9613 | D:6      | Found an iron altar of Okawaru.
  9715 | D:6      | Learned a level 2 spell: Sublimation of Blood
  9836 | D:7      | Reached skill level 5 in Necromancy
 10319 | D:7      | Reached skill level 5 in Dodging
 10319 | D:7      | Reached XP level 10. HP: 65/65 MP: 20/20
 10345 | D:7      | Noticed Prince Ribbit
 10377 | D:7      | Killed Prince Ribbit
 10485 | D:7      | Found Lacir's Assorted Antiques.
 10561 | D:7      | Bought a green potion for 18 gold pieces
 10695 | D:7      | Learned a level 1 spell: Summon Butterflies
 10970 | D:7      | Found Qepn's Island Escapes.
 11295 | D:8      | Got an ancient hand axe
 11500 | D:7      | Reached *** piety under Kikubaaqudgha
 11500 | D:7      | Identified Kikubaaqudgha's Incunabulum of Black Rites
                  | (Kikubaaqudgha gifted it to you on level 7 of the Dungeon)
 11500 | D:7      | Received a gift from Kikubaaqudgha
 11521 | D:7      | Learned a level 4 spell: Animate Dead
 11636 | D:8      | Found a staircase to the Lair.
 12085 | Lair:1   | Entered Level 1 of the Lair of Beasts
 12109 | Lair:1   | Got a bloodstained mace
 12127 | Lair:1   | Identified the +5 mace of the Valley of Death {protect,
                  | Dex+3} (You found it on level 1 of the Lair of Beasts)
 12206 | Lair:1   | Noticed a spiny frog
 12233 | Lair:1   | Killed a spiny frog
 12496 | D:8      | Found a sparkling altar of Nemelex Xobeh.
 13253 | Lair:1   | Gained mutation: You are mostly covered in sharp spines.
                  | [demonic ancestry]
 13253 | Lair:1   | Reached XP level 11. HP: 31/70 MP: 19/23
 13548 | D:9      | Found a shattered altar of Ashenzari.
 13549 | D:9      | Noticed Joseph
 13571 | D:9      | Killed Joseph
 13625 | D:9      | Found Poryma Wali's Weapon Shoppe.
 13638 | D:9      | Noticed Gastronok
 14136 | D:9      | Killed Gastronok
 14186 | D:9      | Found a staircase to the Orcish Mines.
 14424 | D:9      | Noticed Erolcha
 14511 | Orc:1    | Entered Level 1 of the Orcish Mines
 14533 | Orc:1    | Noticed a stone giant
 15027 | Lair:2   | Reached skill level 10 in Hexes
 15042 | Lair:2   | Learned a level 6 spell: Invisibility
 15436 | Lair:2   | Noticed a wolf spider
 15450 | Lair:2   | Killed a wolf spider
 15450 | Lair:2   | Reached skill level 10 in Spellcasting
 15844 | Lair:2   | Found a staircase to the Shoals.
 15931 | Lair:2   | Found a staircase to the Snake Pit.
 17026 | Lair:3   | Reached **** piety under Kikubaaqudgha
 17110 | Lair:3   | Found a gate leading to a gauntlet.
 17220 | Gauntlet | Entered a Gauntlet
 17220 | Gauntlet | Found a transporter.
 17220 | Gauntlet | Found a transporter.
 17220 | Gauntlet | Noticed a wretched star
 17224 | Gauntlet | Found a transporter.
 17224 | Gauntlet | Found a transporter.
 17227 | Gauntlet | Noticed a fire crab
 17249 | Gauntlet | Found a transporter.
 17253 | Gauntlet | Found a large runed translucent door.
 17254 | Gauntlet | Found a large runed translucent door.
 17255 | Gauntlet | Found a large runed translucent door.
 17255 | Gauntlet | Found a large runed translucent door.
 17255 | Gauntlet | Found a runed translucent door.
 17256 | Gauntlet | Found a large runed translucent door.
 17258 | Gauntlet | Found a transporter.
 17258 | Gauntlet | Found a large runed translucent door.
 17259 | Gauntlet | Found a large runed translucent door.
 17259 | Gauntlet | Found a large runed translucent door.
 17268 | Gauntlet | Found a transporter.
 17302 | Gauntlet | Found a transporter.
 17318 | Gauntlet | Found a transporter.
 17337 | Gauntlet | Found a transporter.
 17389 | Gauntlet | Found a runed translucent gate.
 17431 | Gauntlet | Found a transporter.
 17456 | Gauntlet | Found a transporter.
 17456 | Gauntlet | Found a runed translucent gate.
 17456 | Gauntlet | Noticed a catoblepas
 17457 | Gauntlet | Found a runed translucent gate.
 17458 | Gauntlet | Found a large runed translucent door.
 17458 | Gauntlet | Found a large runed translucent door.
 17459 | Gauntlet | Found a large runed translucent door.
 17460 | Gauntlet | Found a large runed translucent door.
 17470 | Gauntlet | Found a large runed translucent door.
 17470 | Gauntlet | Found a large runed translucent door.
 17470 | Gauntlet | Found a runed translucent door.
 17471 | Gauntlet | Found a large runed translucent door.
 17472 | Gauntlet | Found a large runed translucent door.
 17722 | Gauntlet | Killed a wretched star
 17722 | Gauntlet | Reached XP level 12. HP: 53/76 MP: 12/21
 17731 | Gauntlet | Learned a level 3 spell: Portal Projectile
 17815 | Gauntlet | Got a coiled brass amulet
 17821 | Gauntlet | Identified the amulet of Fupuridwaa {RegenMP rC+ Str+9
                  | Int-5} (You found it in a Gauntlet)
 17994 | Gauntlet | Noticed a minotaur
 18016 | Gauntlet | Hit by a silver javelin thrown by a minotaur

Levels and vault maps discovered:
D:1:      grunt_arrival_crossed_arrows, layout_rooms
D:2:      layout_basic, fedhas_altar_4, uniq_natasha, uniq_jessica, uniq_sigmund
D:3:      layout_loops_cross, nicolae_tso_carved_into_rock, uniq_robin
D:4:      layout_cave_pools, kennysheep_mini, minmay_temple_entry_mini_moons,
          serial_shops, nicolae_shop_behind_doors, ebering_ghost_rock_garden,
          first_ration, due_unseen_surprise
D:5:      layout_basic, grunt_temple_overflow_cloverleaf,
          minmay_misc_feat_secret_circle
D:6:      layout_rooms, okawaru_altar_gauntlet_db, uniq_edmund
D:7:      layout_loops_ring, serial_shops, nicolae_shop_overgrown_old_shop,
          grunt_ogre_cave, nicolae_island_escapes, uniq_prince_ribbit1
D:8:      layout_rooms, lemuel_round_altar, minmay_lair_entry_grove
D:9:      minmay_bubble_buster, layout_irregular_city,
          grunt_temple_overflow_order_and_chaos_2, cheibrodos_ashenzari_chains,
          marbit_many_paths, serial_shops,
          nicolae_shop_competitors_out_of_business, water_maze_lemuel,
          uniq_erolcha, uniq_gastronok, uniq_joseph
Temple:   jpeg_temple_alley_garden
Lair:1:   layout_small_grid, minmay_stone_trees_small
Lair:2:   minmay_lair_venomous_thicket, layout_regular_city,
          minmay_shoals_entry_centaurs, guppyfry_snake_entry_island,
          chequers_serial_rivers_micro_b, st_stairs_6,
          cheibrodos_lair_caveside_slide, minmay_hedge_maze,
          chequers_serial_rivers_micro_c
Lair:3:   layout_loops_ring, gauntlet_entry_generic, cheibrodos_lair_lostbears,
          uniq_urug
Orc:1:    layout_caves, basic_altar, bh_open_orc_temple
Gauntlet: gammafunk_gauntlet_shortcut [gammafunk_gauntlet_arena_spirals,
          nicolae_gauntlet_swirl, gammafunk_gauntlet_arena_chambers,
          minmay_gauntlet_arena_make_your_own_arena,
          nicolae_gauntlet_arena_blocks, gammafunk_gauntlet_arena_teeth,
          gauntlet_exit_green]

Skill      XL: |  1  2  3  4  5  6  7  8  9 10 11 12 |
---------------+-------------------------------------+-----
Crossbows      | 2 3 4 5 6 7 |  7.0
Dodging        | 2 3 4 5 |  5.0
Spellcasting   | 2 3 4 5 6 8 10 11 | 11.0
Hexes          | 4 5 6 8 11 | 11.3
Shields        | 1 2 3 4 |  4.0
Necromancy     | 2 5 |  5.6
Fighting       | |  1.0

Action                   |  1- 3 |  4- 6 |  7- 9 | 10-12 || total
-------------------------+-------+-------+-------+-------++-------
Melee: Club              |    35 |       |       |       ||    35
       Dagger            |    21 |   262 |   201 |    31 ||   515
       Headbutt          |       |       |    33 |    29 ||    62
       Spear             |       |       |    21 |    21 ||    42
       Mace              |       |       |       |    89 ||    89
 Fire: Hand crossbow     |    36 |    26 |    42 |    91 ||   195
       Hunting sling     |       |       |   203 |       ||   203
       Shortbow          |       |       |     8 |   495 ||   503
Throw: Boomerang         |    17 |    93 |    42 |     5 ||   157
 Cast: Corona            |     9 |    47 |    36 |    19 ||   111
       Slow              |     5 |    39 |    47 |    81 ||   172
       Confuse           |       |       |     9 |    81 ||    90
       Cause Fear        |       |       |     1 |       ||     1
       Tukima's Dance    |       |       |     1 |       ||     1
       Regeneration      |       |       |     9 |    35 ||    44
       Sublimation of Bl |       |       |       |    13 ||    13
       Animate Dead      |       |       |       |     6 ||     6
       Invisibility      |       |       |       |     2 ||     2
Invok: Receive Corpses   |       |       |       |    11 ||    11
Evoke: Wand              |       |       |     1 |       ||     1
  Use: Scroll            |       |       |     5 |     8 ||    13
       Potion            |       |       |       |     5 ||     5
 Stab: Sleeping          |       |     1 |       |       ||     1
       Confused          |       |       |     1 |    10 ||    11
       Invisible         |       |       |       |     1 ||     1
  Eat: Chunk             |     1 |    15 |    21 |    29 ||    66
Armor: Robe              |    14 |    95 |    79 |    54 ||   242
Dodge: Dodged            |    67 |   204 |   201 |   157 ||   629
Block: Buckler           |       |    30 |   105 |    49 ||   184
       Reflection        |       |       |    13 |     5 ||    18
       Other             |       |       |     2 |    48 ||    50

Table legend:
 A = Non-vault XP
 B = Vault XP
 C = Vault XP percentage of total XP
 D = Non-vault monster count
 E = Vault monster count
 F = Vault count percentage of total count
                 A         B        C        D         E       F
            +---------+---------+-------+---------+---------+-------
      Total |   11877 |   11342 |  48.8 |     226 |      68 |  23.1
            +---------+---------+-------+---------+---------+-------
        D:1 |      85 |       0 |   0.0 |      31 |       0 |   0.0
        D:2 |     169 |     325 |  65.8 |      27 |       9 |  25.0
        D:3 |     122 |       5 |   3.9 |      22 |       3 |  12.0
        D:4 |     502 |       0 |   0.0 |      16 |       0 |   0.0
        D:5 |     713 |       0 |   0.0 |      24 |       0 |   0.0
        D:6 |    2644 |     175 |   6.2 |      30 |       7 |  18.9
        D:7 |     988 |    1209 |  55.0 |      26 |       6 |  18.8
        D:8 |     950 |    1145 |  54.7 |      15 |       8 |  34.8
        D:9 |     567 |    2720 |  82.8 |       9 |       2 |  18.2
     Lair:1 |    2782 |       0 |   0.0 |      14 |       0 |   0.0
     Lair:2 |    1482 |    3566 |  70.6 |       7 |      23 |  76.7
     Lair:3 |     873 |     427 |  32.8 |       5 |       2 |  28.6
   Gauntlet |       0 |    1770 | 100.0 |       0 |       8 | 100.0
            +---------+---------+-------+---------+---------+-------
